 Dungeon Crawl Stone Soup version 0.26-a0-707-g31817bcca1 (webtiles) character file.

Game seed: 3419056213337081705

1317 marklar909 the Cleaver (level 8, 0/70 HPs)
             Began as a Hill Orc Monk on Oct 26, 2020.
             Was a Priest of the Shining One.
             Slain by a wight
             ... wielding a cursed +3 long sword of freezing
              (4 damage)
             ... on level 8 of the Dungeon.
             The game lasted 00:15:51 (7096 turns).

marklar909 the Cleaver (Hill Orc Monk)              Turns: 7096, Time: 00:15:52

Health: 0/70       AC:  6    Str: 16    XL:     8   Next: 59%
Magic:  8/8        EV: 13    Int: 10    God:    the Shining One [***...]
Gold:   125        SH:  4    Dex: 13    Spells: 7/7 levels left

rFire    + . .     SeeInvis .   a - +0 hand axe
rCold    . . .     Faith    .   p - +0 buckler
rNeg     + . .     Spirit   .   A - +0 leather armour
rPois    .         Reflect  .   (no helmet)
rElec    .         Harm     .   f - +0 cloak
rCorr    .         Rampage  .   H - +0 pair of gloves
MR       .....                  b - +0 pair of boots
Stlth    +.........             B - amulet of regeneration
HPRegen  0.61/turn              q - ring of protection from fire
MPRegen  0.11/turn              (no ring)

@: glowing, lightly drained
A: no striking features
a: Divine Shield, Renounce Religion


You were on level 8 of the Dungeon.
You worshipped the Shining One.
The Shining One was most pleased with you.
You visited 1 branch of the dungeon, and saw 8 of its levels.
You also visited: Sewer.

You collected 289 gold pieces.
You spent 164 gold pieces at shops.

Inventory:

Hand Weapons
 a - a +0 hand axe (weapon)
Missiles
 w - 10 poisoned darts (quivered)
 x - 41 bolts
 I - 7 javelins
Armour
 b - a +0 pair of boots (worn)
 f - a +0 cloak (worn)
 p - a +0 buckler (worn)
 z - a +0 ring mail
 A - a +0 leather armour (worn)
 H - a +0 pair of gloves (worn)
Jewellery
 q - a ring of protection from fire (left hand)
 B - an amulet of regeneration (around neck)
Scrolls
 e - 2 scrolls of amnesia
 g - 5 scrolls of remove curse
 i - a scroll of enchant weapon
 k - a scroll of fog {unknown}
 m - 2 scrolls of magic mapping
 v - a scroll of fear
 y - 2 scrolls of blinking
 D - 2 scrolls of enchant armour
 E - a scroll of immolation {unknown}
 J - a scroll of identify
Potions
 c - a potion of lignification
 d - 3 potions of curing
 h - 2 potions of berserk rage
 j - a potion of haste {unknown}
 l - 2 potions of heal wounds {unknown}
 n - a potion of cancellation {unknown}
 o - a potion of might {unknown}
 r - 3 potions of flight {unknown}
 s - a potion of invisibility {unknown}
 t - 3 potions of mutation {unknown}
 u - a potion of ambrosia {unknown}
 C - a potion of brilliance {unknown}
 F - a potion of magic {unknown}
 G - a potion of degeneration {unknown}


   Skills:
 + Level 5.8(5.7) Fighting
 + Level 9.2(9.0) Axes
 + Level 0.2(0.1) Throwing
 + Level 3.5(3.4) Armour
 + Level 4.3(4.2) Dodging
 + Level 2.8(2.7) Stealth
 + Level 3.0(2.9) Shields
 + Level 0.2(0.1) Invocations


You had 7 spell levels left.
You didn't know any spells.
Your spell library contained the following spells:

 Spells                   Type           Power        Failure   Level
 Animate Skeleton         Necr           #.....       45%         1
 Apportation              Tloc           #.....       45%         1
 Corona                   Hex            #......      45%         1
 Foxfire                  Conj/Fire      #...         45%         1
 Magic Dart               Conj           #...         45%         1
 Shock                    Conj/Air       #...         45%         1
 Summon Small Mammal      Summ           #...         45%         1
 Searing Ray              Conj           #.....       61%         2
 Swiftness                Air            #.......     61%         2
 Conjure Flame            Conj/Fire      #.......     83%         3
 Dazzling Flash           Conj/Hex       #.....       83%         3
 Inner Flame              Hex/Fire       #.......     83%         3
 Static Discharge         Conj/Air       #.......     83%         3
 Airstrike                Air            #.........   99%         4
 Fulminant Prism          Conj/Hex       #.........   99%         4
 Iskenderun's Mystic Bla  Conj/Tloc      #.......     99%         4
 Sticky Flame             Conj/Fire      #.......     99%         4
 Fireball                 Conj/Fire      #.........   100%        5
 Lightning Bolt           Conj/Air       #.........   100%        5


Dungeon Overview and Level Annotations

Branches:
Dungeon (9/15)             Temple (0/1) D:5           Sewer (visited)
   Lair: D:8-11         Orc: D:9-12

Altars:
Ashenzari
Elyvilon
Fedhas
Gozag
Hepliaklqana
Qazlal
Ru
Xom
The Shining One

Shops:
D:6 *


Message History

You hit the wight but do no damage.
The wight is heavily damaged.
You hit the wight.
The wight hits you with a cursed +3 long sword of freezing.
* * * LOW HITPOINT WARNING * * *
The wight freezes you.
* * * LOW HITPOINT WARNING * * *
You block the wight's attack.
You hit the wight.
The wight is almost destroyed.
You hit the wight but do no damage. You hit the wight but do no damage.
The wight is almost destroyed.
You hit the wight.
The wight hits you with a +4 falchion of freezing!
* * * LOW HITPOINT WARNING * * *
The wight freezes you.
* * * LOW HITPOINT WARNING * * *
The wight hits you with a cursed +3 long sword of freezing.
You die...

#.....#
#.....#
#.....#
#.....#
#.....#
##.....#
###......+
#...z†...#
#...z@...#
#...######
#.....# ##
#...†.# ....
##..††#.....
#....#.....
#...........
#.>..z......
#...........


You could see 2 wights.

Vanquished Creatures
  2 ice beasts
  A phantom (D:5)
  A big kobold (Sewer)
  2 bullfrogs
  A scorpion (D:5)
  3 killer bees (D:8)
  A bullfrog zombie (D:6)
  A hound (D:5)
  2 orc priests
  5 orc wizards
  3 iguanas
  3 worker ants
  A hound skeleton (D:6)
  A hound zombie (D:5)
  9 adders
  A river rat (Sewer)
  A white imp (D:6)
  2 oozes
  A worm (D:3)
  3 leopard geckos
  10 orcs
  A ball python (D:2)
  5 bats
  5 giant cockroaches
  13 goblins
  8 hobgoblins
  19 jackals
  3 quokkas
  5 frilled lizards
  6 kobolds
  A leopard gecko skeleton (D:5)
  7 rats
127 creatures vanquished.

Notes
Turn   | Place    | Note
-------+----------+-------------------------------------------
     0 | D:1      | marklar909 the Hill Orc Monk began the quest for the Orb.
     0 | D:1      | Reached XP level 1. HP: 19/19 MP: 1/1
   254 | D:1      | Reached XP level 2. HP: 27/27 MP: 2/2
   648 | D:1      | Reached XP level 3. HP: 33/33 MP: 3/3
  1108 | D:2      | Found a blossoming altar of Fedhas.
  1233 | D:2      | Found a broken altar of Ashenzari.
  1430 | D:2      | Reached XP level 4. HP: 40/40 MP: 4/4
  1589 | D:2      | Reached skill level 5 in Axes
  2096 | D:2      | Found a hazy altar of Hepliaklqana.
  2096 | D:2      | Found a sacrificial altar of Ru.
  2096 | D:2      | Found a white marble altar of Elyvilon.
  2097 | D:2      | Found a glowing golden altar of the Shining One.
  2098 | D:2      | Found a shimmering altar of Xom.
  2099 | D:2      | Found an opulent altar of Gozag.
  2265 | D:2      | Became a worshipper of the Shining One
  2265 | D:2      | Reached * piety under the Shining One
  2265 | D:2      | Reached ** piety under the Shining One
  2804 | D:3      | Found a stormy altar of Qazlal.
  3004 | D:3      | Reached XP level 5. HP: 42/47 MP: 5/5
  3009 | D:3      | Reached skill level 1 in Armour
  3298 | D:3      | Reached skill level 1 in Shields
  3775 | D:4      | Reached skill level 6 in Axes
  3804 | D:4      | Found a glowing drain.
  3816 | D:4      | Reached XP level 6. HP: 22/53 MP: 6/6
  3862 | Sewer    | Entered a sewer
  4213 | Sewer    | Found a white marble altar of Elyvilon.
  4913 | D:3      | Reached skill level 7 in Axes
  5421 | D:5      | Entered Level 5 of the Dungeon
  5673 | D:5      | Noticed an ice beast
  5686 | D:5      | Killed an ice beast
  5686 | D:5      | Reached XP level 7. HP: 52/60 MP: 7/7
  5714 | D:5      | Reached skill level 5 in Fighting
  5804 | D:5      | Found a staircase to the Ecumenical Temple.
  6017 | D:5      | Reached skill level 8 in Axes
  6499 | D:6      | Reached XP level 8. HP: 49/69 MP: 8/8
  6634 | D:6      | Found Paukili's General Store.
  6638 | D:6      | Bought a scroll of blinking for 82 gold pieces
  6638 | D:6      | Bought a scroll of enchant armour for 82 gold pieces
  6744 | D:6      | You fall into a shaft and drop 3 floors!
  6795 | D:9      | Reached *** piety under the Shining One
  6865 | D:8      | Noticed a death yak
  6865 | D:8      | Noticed a death yak
  6865 | D:8      | Noticed a death yak
  6866 | D:8      | Noticed a death yak
  6866 | D:8      | Noticed a death yak
  6867 | D:8      | Noticed a death yak
  6868 | D:8      | Noticed a death yak
  7036 | D:8      | Reached skill level 9 in Axes
  7096 | D:8      | Slain by a wight

Illustrated notes

Levels and vault maps discovered:
D:1:      dpeg_arrival_three_smaller_balls, layout_loops_ring
D:2:      kennysheep_big_flooded_room, layout_basic, minitemple,
          old_standard_altar, evilmike_ruin_ashenzari
D:3:      layout_basic, nicolae_overflow_hidden_temple
D:4:      layout_basic, gup_sewer_entry_glass, minmay_pentangle
D:5:      layout_basic, minmay_temple_entry_gardened_gates, minivault_23
D:6:      layout_rooms, lemuel_round_altar, serial_shops, shop,
          chequers_serial_rivers_room_b, chequers_serial_rivers_room_a
D:8:      layout_basic, dpeg_lair_monsters
D:9:      layout_loops_corners, lemuel_coloured_pillars_altar, vehumet_statue,
          worms_lemuel, uniq_grum

Skill      XL: |  1  2  3  4  5  6  7  8 |
---------------+-------------------------+-----
Fighting       | 4 5 |  5.8
Stealth        | 2 |  2.8
Axes           | 5 6 7 8 9 |  9.2
Armour         | 1 2 3 |  3.5
Dodging        | 3 4 |  4.3
Shields        | 1 2 3 |  3.0
Throwing       | |  0.2
Invocations    | |  0.2

Action                   |  1- 3 |  4- 6 |  7- 9 || total
-------------------------+-------+-------+-------++-------
Melee: Hand axe          |   104 |   234 |   186 ||   524
Throw: Dart              |       |     3 |       ||     3
Invok: Divine Shield     |       |       |     1 ||     1
  Use: Scroll            |       |     9 |     5 ||    14
       Potion            |       |     2 |     1 ||     3
 Stab: Sleeping          |     5 |       |       ||     5
Armor: Robe              |    12 |       |       ||    12
       Leather armour    |     4 |    71 |    34 ||   109
       Skin              |       |     8 |       ||     8
Dodge: Dodged            |    71 |   173 |   102 ||   346
Block: Buckler           |       |     6 |    54 ||    60

Table legend: (Time is in decaauts)
 A = Elapsed time spent in this place.
 B = Non-inter-level travel time spent in this place.
 C = Inter-level travel time spent in this place.
 D = Time resting spent in this place.
 E = Time spent auto-exploring this place.
 F = Levels seen in this place.
 G = Mean time per level.
                   A        B        C        D        E       F      G
               +--------+--------+--------+--------+--------+-----+--------+
         Total |   7117 |   6368 |    749 |    880 |   3992 |   9 |  790.8 |
       Dungeon |   6702 |   5953 |    749 |    703 |   3806 |   8 |  837.8 |
         Sewer |    415 |    415 |      0 |    177 |    185 |   1 |  415.0 |
               +--------+--------+--------+--------+--------+-----+--------+

Top non-repeatable levels by time:
     D:2: 1625 daAuts
     D:3: 1309 daAuts
     D:4: 1130 daAuts
     D:1: 1080 daAuts
     D:5: 840 daAuts
   Sewer: 415 daAuts
     D:6: 369 daAuts
     D:9: 257 daAuts
     D:8: 89 daAuts
